 Dungeon Crawl Stone Soup version 0.16.1-7-g2c6721e (webtiles) character file.

2069 wojtek the Slicer (level 9, -5/56 HPs)
             Began as a Kobold Assassin on Mar 29, 2015.
             Was a Believer of Makhleb.
             Slain by a gnoll
             ... wielding a +0 halberd
              (13 damage)
             ... in a bailey.
             The game lasted 00:23:28 (11032 turns).

wojtek the Slicer (Kobold Assassin)                Turns: 11032, Time: 00:23:28

Health: -5/56      AC:  6    Str: 17    XL:     9   Next: 50%
Magic:  15/15      EV: 20    Int: 12    God:    Makhleb [**....]
Gold:   210        SH:  0    Dex: 18    Spells: 0 memorised, 8 levels left

rFire  + . .     SeeInvis +     C - +1 dagger (vamp)
rCold  + . .     Clarity  .     D - +1 robe {rC+ rF+}
rNeg   . . .     SustAb   .     (no shield)
rPois  .         Gourm    .     B - +0 helmet {SInv}
rElec  .         Spirit   .     d - +0 cloak
rCorr  .         Warding  .     (no gloves)
rMut   .         Stasis   .     n - +0 pair of boots
MR     .....                    (no amulet)
Stlth  +++.......               j - +3 ring of strength
                                J - ring of flight

@: mighty, not resistant to hostile enchantments, fairly stealthy
A: carnivore 3
a: Minor Destruction, Renounce Religion, Evoke Flight


You were in a bailey.
You worshipped Makhleb.
Makhleb was pleased with you.
You were not hungry.

You visited 1 branch of the dungeon, and saw 7 of its levels.
You also visited: Bailey.

You collected 210 gold pieces.

Inventory:

Hand weapons
 a - a +2 dagger
 b - a +0 blowgun
 C - a +1 vampiric dagger (weapon)
Missiles
 e - 21 poisoned needles
 f - 2 curare-tipped needles {=f}
 H - a throwing net (quivered)
 M - 49 tomahawks of returning
Armour
 d - a +0 cloak (worn)
 n - a +0 pair of boots (worn)
 B - a +0 helmet of see invisible (worn)
 D - a +1 robe of resistance (worn)
Jewellery
 j - a +3 ring of strength (right hand)
 J - a ring of flight (left hand)
Magical devices
 F - a wand of lightning (0)
Scrolls
 c - 2 scrolls of blinking
 i - 3 scrolls of identify
 o - a scroll of recharging {unknown}
 p - 2 scrolls of random uselessness
 q - a scroll of amnesia {unknown}
 r - a scroll of teleportation {unknown}
 s - 2 scrolls of enchant armour
 y - 3 scrolls of remove curse
 E - a scroll of magic mapping
Potions
 h - a potion of lignification {unknown}
 l - 5 potions of curing {unknown}
 m - a potion of cure mutation {unknown}
 t - a potion of cancellation {unknown}
 u - 2 potions of haste {unknown}
 v - a potion of restore abilities {unknown}
 w - a potion of brilliance {unknown}
 x - 6 potions of heal wounds {unknown}
 z - 4 potions of magic {unknown}
 A - 3 potions of might
 K - a potion of mutation {unknown}
Books
 G - a Fen Folio

   Spells                             Type                      Level
   a - Corpse Rot                     Necromancy                   2
   b - Stone Arrow                    Conjuration/Earth            3
   c - Leda's Liquefaction            Hexes/Earth                  4
   d - Summon Forest                  Summoning/Translocation      5
   e - Hydra Form                     Transmutation                6
   f - Summon Hydra                   Summoning                    7
 I - a book of the Warp

   Spells                             Type                      Level
   a - Recall                         Summoning/Translocation      3
   b - Control Teleport               Charms/Translocation         4
   c - Force Lance                    Conjuration/Translocation    4
   d - Phase Shift                    Translocation                5
   e - Warp Weapon                    Charms/Translocation         5
   f - Gell's Gravitas                Hexes/Translocation          5
   g - Summon Forest                  Summoning/Translocation      5
Comestibles
 g - 3 meat rations
 k - a slice of pizza


   Skills:
 + Level 6.6 Fighting
 + Level 10.2 Short Blades
 - Level 2.6 Throwing
 + Level 1.0 Armour
 + Level 6.9 Dodging
 - Level 5.3 Stealth
 + Level 3.9 Invocations


You had 8 spell levels left.
You didn't know any spells.

Dungeon Overview and Level Annotations

Branches:
Dungeon (7/15)
 Temple: D:4-7

Altars:
Elyvilon
Fedhas
Kikubaaqudgha
Makhleb
Nemelex Xobeh
Trog

Shops:
D:4 (

Annotations:
D:2 phantom


Innate Abilities, Weirdness & Mutations

You are small and have problems with some larger weapons.
You are carnivorous and can eat meat at any time.


Message History

The orc knight is moderately wounded.
The orc knight misses you.
You hit the orc knight but do no damage.
The orc knight is moderately wounded.
The gnoll completely misses you.
You hit the orc knight but do no damage.
The orc knight is moderately wounded.
You hit the orc knight.
You feel better.
The orc knight is moderately wounded.
The orc knight completely misses you. The gnoll misses you.
You hit the orc knight.
You feel better.
The orc knight is moderately wounded.
You hit the orc knight!
The orc knight is heavily wounded.
The orc knight hits you with a great sword!!
* * * LOW HITPOINT WARNING * * *
You hit the orc knight.
The orc knight is heavily wounded.
The gnoll hits you from afar with a halberd!
You die...

#)###.# #.#.###.###.#
##÷##'##'###'##'##'##
##(..(.# ##.....##
###.(...#####)....###
#.'..(..'.#.'..∩..'.#
###.....#####.)...###
##....(## ##.....##
##'##'##)###(##'##'##
#.###.###go@###.###∩#
### ### ##### ### ###


You could see an orc knight and a gnoll.

Vanquished Creatures
  Pikel (D:3)
  A hippogriff (D:6)
  2 slaves
  2 ogres (D:6)
  A sky beast (D:6)
  A centaur (D:6)
  3 scorpions
  3 jellies (D:5)
  A giant frog zombie (D:5)
  2 orc priests (D:6)
  A crimson imp (D:6)
  6 worker ants
  A hound (D:4)
  2 orc wizards
  An iguana (D:3)
  Ijyb (D:5)
  Robin (D:3)
  17 gnolls
  11 adders
  2 shadow imps
  5 giant mites
  2 worms
  An adder skeleton (D:5)
  7 giant geckos
  An ooze (D:4)
  8 orcs
  9 bats
  A bat skeleton (D:4)
  29 hobgoblins
  15 jackals
  22 kobolds
  2 quokkas
  A ball python (D:1)
  3 giant cockroaches
  4 giant newts
  28 goblins
  7 rats
205 creatures vanquished.

Vanquished Creatures (others)
  A worker ant (D:4)
  An orc (D:4)
  A bat (D:4)
3 creatures vanquished.

Grand Total: 208 creatures vanquished

Notes
Turn   | Place    | Note
--------------------------------------------------------------
     0 | D:1      | wojtek, the Kobold Assassin, began the quest for the Orb.
     0 | D:1      | Reached XP level 1. HP: 12/12 MP: 1/1
   149 | D:1      | Reached XP level 2. HP: 17/17 MP: 2/2
   528 | D:1      | Reached XP level 3. HP: 19/21 MP: 3/3
   960 | D:2      | Reached skill level 5 in Short Blades
  1190 | D:2      | Reached XP level 4. HP: 26/26 MP: 4/4
  1911 | D:3      | Reached skill level 6 in Short Blades
  1939 | D:3      | Reached XP level 5. HP: 27/30 MP: 5/5
  2856 | D:4      | Noticed Pikel
  2856 | D:4      | Noticed a slave
  2856 | D:4      | Noticed a slave
  2856 | D:4      | Noticed a slave
  2856 | D:4      | Noticed a slave
  2915 | D:4      | Noticed a phantom
  3375 | D:4      | Reached skill level 7 in Short Blades
  3451 | D:4      | Reached XP level 6. HP: 29/36 MP: 6/6
  3564 | D:4      | Noticed Robin
  4138 | D:3      | Killed Robin
  4449 | D:4      | Killed a slave
  4597 | D:3      | Killed a slave
  4852 | D:3      | Killed Pikel
  4852 | D:3      | Reached skill level 8 in Short Blades
  4852 | D:3      | Reached XP level 7. HP: 41/44 MP: 7/7
  4852 | D:3      | Reached XP level 8. HP: 44/48 MP: 8/8
  4978 | D:4      | Found a sparkling altar of Nemelex Xobeh.
  5026 | D:4      | Found Uloim's Antique Weapon Shoppe.
  5267 | D:4      | Found an ancient bone altar of Kikubaaqudgha.
  5349 | D:4      | Reached skill level 9 in Short Blades
  5349 | D:4      | Reached skill level 5 in Dodging
  5389 | D:4      | Found a white marble altar of Elyvilon.
  5391 | D:4      | Found a burning altar of Makhleb.
  5416 | D:4      | Became a worshipper of Makhleb the Destroyer
  5454 | D:5      | Entered Level 5 of the Dungeon
  5495 | D:5      | Reached skill level 5 in Fighting
  5551 | D:5      | Noticed Ijyb
  5574 | D:5      | Killed Ijyb
  6114 | D:5      | Found a bloodstained altar of Trog.
  6369 | D:5      | Reached skill level 1 in Invocations
  7508 | D:5      | Found a bloodstained altar of Trog.
  8198 | D:6      | Acquired Makhleb's first power
  8218 | D:6      | Found a blossoming altar of Fedhas.
  8327 | D:6      | Reached XP level 9. HP: 55/55 MP: 10/12
  8569 | D:6      | Reached skill level 10 in Short Blades
  9283 | D:6      | Found a blossoming altar of Fedhas.
  9842 | D:7      | Found a flagged portal.
  9873 | Bailey   | Entered a bailey
  9957 | Bailey   | Acquired Makhleb's second power
 10992 | Bailey   | Noticed an orc knight
 11007 | Bailey   | Reached skill level 1 in Armour
 11032 | Bailey   | Slain by a gnoll

Action                   |  1- 3 |  4- 6 |  7- 9 || total
-------------------------+-------+-------+-------++-------
Melee: Dagger            |    90 |   273 |   515 ||   878
 Fire: Blowgun           |       |    32 |    55 ||    87
  Use: Scroll            |       |       |     5 ||     5
       Potion            |       |       |     1 ||     1
 Stab: Sleeping          |     7 |     5 |    13 ||    25
       Distracted        |       |     1 |     4 ||     5
  Eat: Chunk             |     9 |    11 |    18 ||    38
